 Dungeon Crawl Stone Soup version 0.19.0 (webtiles) character file.

1467 CanadianGator the Fighter (level 8, -3/92 HPs)
             Began as an Ogre Berserker on Nov 15, 2016.
             Was a High Priest of Trog.
             Slain by a killer bee (5 damage)
             ... on level 7 of the Dungeon.
             The game lasted 00:24:23 (6383 turns).

CanadianGator the Fighter (Ogre Berserker)          Turns: 6383, Time: 00:24:23

Health: -3/92      AC:  8    Str: 36    XL:     8   Next: 77%
Magic:  8/8        EV: 11    Int:  6    God:    Trog [*****.]
Gold:   74         SH:  0    Dex:  9    Spells: 0 memorised, 7 levels left

rFire  . . .     SeeInvis .     A - -2 whip (curse)
rCold  . . .     Gourm    .     j - +2 robe
rNeg   . . .     Faith    .     (no shield)
rPois  .         Spirit   .     (helmet restricted)
rElec  .         Reflect  .     r - +2 cloak
rCorr  .         Harm     .     (gloves unavailable)
MR     .....                    (boots unavailable)
Stlth  +.........               h - amulet of inaccuracy (curse)
                                B - +4 ring of strength
                                m - +2 ring of strength

@: mighty, lethally poisoned (-3 -> -7), exhausted, slowed, very slow
A: unfitting armour, tough skin 1
a: Berserk, Trog's Hand, Brothers in Arms, Burn Spellbooks, Renounce Religion


You were on level 7 of the Dungeon.
You worshipped Trog.
Trog was extremely pleased with you.
You were very hungry.

You visited 1 branch of the dungeon, and saw 7 of its levels.
You also visited: Ossuary.

You collected 268 gold pieces.
You spent 194 gold pieces at shops.

Inventory:

Hand Weapons
 g - the +7 giant club of Cheese {pain, rElec MP+9 Int+2 Stlth+}
   (You bought it in a shop on level 4 of the Dungeon)

   In the hands of one skilled in necromantic magic, it inflicts extra damage on
   living creatures.
   It affects your intelligence (+2).
   It insulates you from electricity.
   It affects your magic capacity (+9).
   It makes you more stealthy.
 i - a +0 mace of holy wrath
 q - the +6 mace of Arrival {crush, *Corrode Str+7}
   (Trog gifted it to you on level 6 of the Dungeon)

   It inflicts extra damage upon your enemies.
   It affects your strength (+7).
   It may corrode you when you take damage.
 s - a +2 mace of protection
 A - a cursed -2 whip (weapon)
Missiles
 y - 4 tomahawks of returning (quivered)
Armour
 j - a +2 robe (worn)
 r - a +2 cloak (worn)
Jewellery
 a - an uncursed ring of fire
 d - an uncursed ring of poison resistance
 h - a cursed amulet of inaccuracy (around neck)
 m - a +2 ring of strength (left hand)
 B - a +4 ring of strength (right hand)
 G - the ring "Zugeips" {Ice rN+}
   (You found it on level 6 of the Dungeon)

   [ring of ice]

   It enhances your ice magic.
   It makes you vulnerable to fire.
   It protects you from cold.
   It protects you from negative energy.
Wands
 k - a wand of iceblast (8/15)
 n - a wand of teleportation (9/9)
 F - a wand of iceblast (7/15)
Scrolls
 e - 5 scrolls of teleportation
 t - a scroll of fog
Potions
 b - a potion of might
 c - a potion of lignification {unknown}
 l - a potion of mutation {unknown}
 o - 2 potions of curing
 p - a potion of brilliance
 v - a potion of flight {unknown}
 w - a potion of berserk rage {unknown}
 C - a potion of haste {unknown}
Comestibles
 f - 5 meat rations
 u - a fruit
 x - a bread ration
 E - 2 beef jerkies


   Skills:
 * Level 9.0 Fighting
 * Level 8.9 Maces & Flails
 + Level 3.5 Throwing
 * Level 5.1 Dodging


You had 7 spell levels left.
You didn't know any spells.

Dungeon Overview and Level Annotations

Branches:
Dungeon (7/15)             Temple (0/1) D:5

Altars:
Elyvilon
Gozag
Hepliaklqana
Kikubaaqudgha
Makhleb
Nemelex Xobeh
Okawaru
Qazlal
Uskayaw
Yredelemnul

Shops:
D:4 (


Innate Abilities, Weirdness & Mutations

You are too large for most types of armour.
You have tough skin. (AC +1)


Message History

* * * LOW HITPOINT WARNING * * *
The crimson imp grins evilly.
The crimson imp hits you but does no damage.
You miss the crimson imp. The killer bee closely misses you.
The killer bee stings you.
* * * LOW HITPOINT WARNING * * *
The crimson imp blinks!
The killer bee closely misses you.
You feel sick. The killer bee stings you.
* * * LOW HITPOINT WARNING * * *
The crimson imp blinks!
The killer bee stings you.
* * * LOW HITPOINT WARNING * * *
You are more poisoned.
The killer bee poisons you!
* * * LOW HITPOINT WARNING * * *
You feel sick. The killer bee stings you.
* * * LOW HITPOINT WARNING * * *
* * * LOW HITPOINT WARNING * * *
You feel sick. The killer bee misses you. The killer bee barely misses you.
The killer bee closely misses you. x2; The killer bee stings you.
You die...

.. ## .# #
..#. ...
#...#.##.# #
.....?.#.##.#
.........#.###
.. ....#......
#...#.#...#.#
.......@y...#
....#.#yy.###
. #. ##.## ..
#.# .. #†# ##
##'## ##_..##
##.....##
#.......##


You could see 3 killer bees.

Vanquished Creatures
  Grinder (D:3)
  A centaur (D:5)
  2 bullfrogs (D:6)
  A water moccasin zombie (D:5)
  A scorpion (D:5)
  3 killer bees (D:7)
  A howler monkey (D:5)
  2 crimson imps (D:6)
  A centaur zombie (D:5)
  A hound (D:4)
  Crazy Yiuf (D:3)
  A centaur skeleton (D:5)
  A gnoll shaman (D:6)
  An iguana (D:4)
  3 worker ants (D:4)
  2 orc wizards
  6 big kobold zombies (Ossuary)
  A mummy (Ossuary)
  5 adders
  10 gnolls
  A shadow imp (D:5)
  2 oozes
  4 worms
  A dart slug (D:4)
  2 leopard geckos
  7 orcs
  5 spectral bats (Ossuary)
  6 bats
  15 giant cockroaches
  6 goblins
  6 hobgoblins
  6 jackals
  2 quokkas
  A ball python (D:2)
  2 bat simulacra (Ossuary)
  2 frilled lizards
  6 gnoll zombies (Ossuary)
  2 goblin simulacra (Ossuary)
  3 goblin zombies (Ossuary)
  8 hobgoblin zombies (Ossuary)
  6 kobolds
  5 kobold simulacra (Ossuary)
  4 kobold zombies (Ossuary)
  A leopard gecko skeleton (D:6)
  3 orc zombies (Ossuary)
  5 rats
  5 rat simulacra (Ossuary)
  2 rat zombies (D:4)
  A spectral goblin (Ossuary)
  4 spectral kobolds (Ossuary)
  4 spectral rats (Ossuary)
172 creatures vanquished.

Notes
Turn   | Place    | Note
-------+----------+-------------------------------------------
     0 | D:1      | CanadianGator the Ogre Berserker began the quest for the Orb.
     0 | D:1      | Reached XP level 1. HP: 24/24 MP: 1/1
   168 | D:1      | Reached XP level 2. HP: 29/33 MP: 2/2
   443 | D:1      | Reached XP level 3. HP: 38/41 MP: 3/3
   915 | D:2      | Reached skill level 5 in Fighting
  1011 | D:2      | Reached ** piety under Trog
  1173 | D:2      | Found an iron altar of Okawaru.
  1546 | D:2      | Found a hazy altar of Hepliaklqana.
  1683 | D:3      | Reached XP level 4. HP: 33/50 MP: 4/4
  1754 | D:3      | Reached skill level 5 in Maces & Flails
  2122 | D:3      | Found a white marble altar of Elyvilon.
  2141 | D:3      | Noticed Grinder
  2164 | D:3      | Reached skill level 1 in Throwing
  2171 | D:3      | Killed Grinder
  2171 | D:3      | Reached skill level 6 in Fighting
  2171 | D:3      | Reached XP level 5. HP: 54/61 MP: 5/5
  2171 | D:3      | Reached XP level 6. HP: 61/68 MP: 6/6
  2192 | D:3      | HP: 3/68 [worm (10)]
  3024 | D:3      | Found a runed door.
  3028 | D:3      | Noticed Crazy Yiuf
  3031 | D:3      | Killed Crazy Yiuf
  3124 | D:4      | Reached *** piety under Trog
  3143 | D:4      | Found a sand-covered staircase.
  3167 | Ossuary  | Entered an ossuary
  3307 | Ossuary  | Reached **** piety under Trog
  3389 | Ossuary  | Reached skill level 7 in Fighting
  3400 | Ossuary  | Reached XP level 7. HP: 75/78 MP: 7/7
  3849 | D:4      | Found a sparkling altar of Nemelex Xobeh.
  3936 | D:4      | Found a white marble altar of Elyvilon.
  3997 | D:4      | Found a basalt altar of Yredelemnul.
  4125 | D:4      | Reached ***** piety under Trog
  4487 | D:4      | Found Ifromest's Antique Weapon Boutique.
  4564 | D:5      | Entered Level 5 of the Dungeon
  4665 | D:5      | Found a burning altar of Makhleb.
  4665 | D:5      | Found an ancient bone altar of Kikubaaqudgha.
  4666 | D:5      | Found an opulent altar of Gozag.
  4714 | D:5      | Found a stormy altar of Qazlal.
  4853 | D:5      | Reached XP level 8. HP: 75/88 MP: 8/8
  4909 | D:5      | Reached skill level 8 in Fighting
  4910 | D:5      | Found a staircase to the Ecumenical Temple.
  5466 | D:4      | Bought a slimy giant club for 194 gold pieces
  5467 | D:4      | Identified the +7 giant club of Cheese {pain, rElec MP+9 Int+2 Stlth+} (You bought it in a shop on level 4 of the Dungeon)
  5648 | D:6      | Received a gift from Trog
  5652 | D:6      | Got an ancient mace {god gift}
  5654 | D:6      | Identified the +6 mace of Arrival {crush, *Corrode Str+7} (Trog gifted it to you on level 6 of the Dungeon)
  6065 | D:6      | Reached skill level 5 in Dodging
  6120 | D:6      | Got a crude iron ring
  6262 | D:6      | Identified the ring "Zugeips" {Ice rN+} (You found it on level 6 of the Dungeon)
  6317 | D:7      | Found a hide-covered altar of Uskayaw.
  6375 | D:7      | Reached skill level 9 in Fighting
  6382 | D:7      | HP: 2/92 [killer bee (3)]
  6383 | D:7      | Slain by a killer bee

Skill      XL: |  1  2  3  4  5  6  7  8 |
---------------+-------------------------+-----
Fighting       | 5 6 7 9 |  9.0
Maces & Flails | 6 7 8 |  8.9
Throwing       | 1 2 3 |  3.5
Dodging        | 3 4 5 |  5.1

Action                   |  1- 3 |  4- 6 |  7- 9 || total
-------------------------+-------+-------+-------++-------
Melee: Mace              |   102 |   279 |   276 ||   657
       Flail             |       |    25 |       ||    25
       Whip              |       |       |    51 ||    51
       Giant club        |       |       |    12 ||    12
Throw: Stone             |     3 |    16 |     2 ||    21
       Tomahawk          |       |       |     9 ||     9
Invok: Berserk           |       |     1 |     1 ||     2
       Burn Spellbooks   |       |       |     1 ||     1
       Trog's Hand       |       |       |     1 ||     1
  Use: Scroll            |     6 |     3 |     5 ||    14
       Potion            |       |     1 |     3 ||     4
 Stab: Sleeping          |       |     1 |       ||     1
  Eat: Chunk             |     2 |     5 |     1 ||     8
       Bread ration      |       |     1 |       ||     1
       Meat ration       |       |       |     1 ||     1
       Royal jelly       |       |       |     1 ||     1
Armor: Animal skin       |    24 |       |       ||    24
       Robe              |     9 |   115 |   122 ||   246
Dodge: Dodged            |    74 |   156 |   218 ||   448
